% Time on Ice - NORTH DAKOTA HAWKS
Lines # - Real PCT - Wanted PCT - Time Play
Normal Forward
1 - 32% - 31% - 16:30
2 - 32% - 31% - 16:33
3 - 22% - 23% - 11:28
4 - 15% - 15% - 7:33
Normal Defense
1 - 42% - 42% - 21:52
2 - 37% - 36% - 19:31
3 - 11% - 12% - 5:56
4 - 9% - 10% - 4:45
PP Forward
1 - 36% - 65% - 2:07
2 - 64% - 35% - 3:50
PP Defense
1 - 50% - 65% - 2:59
2 - 50% - 35% - 2:58
PK Forward
1 - 48% - 55% - 0:57
2 - 52% - 45% - 1:02
PK Defense
1 - 60% - 55% - 1:11
2 - 40% - 45% - 0:48
PK3 Forward
1 - 0% - 55%
2 - 0% - 45%
PK3 Defense
1 - 0% - 55%
2 - 0% - 45%
44 Forward
1 - 0% - 55%
2 - 0% - 45%
44 Defense
1 - 0% - 55%
2 - 0% - 45%
Last Minute Offensive  - 0:00
Last Minute Defensive  - 0:00
Total
Forward - 60:00
Defense - 60:00
% Time on Ice - VANCOUVER VOODOO
Lines # - Real PCT - Wanted PCT - Time Play
Normal Forward
1 - 35% - 33% - 17:59
2 - 33% - 32% - 17:02
3 - 25% - 26% - 13:07
4 - 8% - 9% - 3:56
Normal Defense
1 - 36% - 36% - 18:46
2 - 35% - 35% - 18:13
3 - 28% - 29% - 14:41
4 - 1% - 0% - 0:24
PP Forward
1 - 51% - 53% - 1:01
2 - 49% - 47% - 0:58
PP Defense
1 - 51% - 53% - 1:01
2 - 49% - 47% - 0:58
PK Forward
1 - 53% - 53% - 3:09
2 - 47% - 47% - 2:48
PK Defense
1 - 49% - 53% - 2:56
2 - 51% - 47% - 3:01
PK3 Forward
1 - 0% - 55%
2 - 0% - 45%
PK3 Defense
1 - 0% - 52%
2 - 0% - 48%
44 Forward
1 - 0% - 51%
2 - 0% - 49%
44 Defense
1 - 0% - 52%
2 - 0% - 48%
Last Minute Offensive  - 0:00
Last Minute Defensive  - 0:00
Total
Forward - 60:00
Defense - 60:00
Play-by-Play 1st period 0:01 of 1st period - Josh Anderson wins face-off versus Jack Hughes in neutral zone. 0:09 of 1st period - Shot by Jason Robertson. 0:09 of 1st period - Stopped by Filip Gustavsson without a rebound. 0:10 of 1st period - Nick Suzuki wins face-off versus Nicolas Roy in VANCOUVER VOODOO zone. 0:10 of 1st period - Jake DeBrusk is hit by Braden Schneider and loses puck. 0:23 of 1st period - Shot by Cody Glass. 0:23 of 1st period - Shot Misses the Net. 0:25 of 1st period - Shot by Nicolas Roy. 0:25 of 1st period - Deflect By Jonathan Drouin. 0:25 of 1st period - Shot Hit the Post. 0:27 of 1st period - Shot by Sebastien Aho. 0:27 of 1st period - Shot Misses the Net. 0:33 of 1st period - Shot by Cody Glass. 0:33 of 1st period - Shot Blocked by Ryan Lindgren. 0:35 of 1st period - Shot by Nicolas Roy. 0:35 of 1st period - Stopped by Linus Ullmark without a rebound. 0:36 of 1st period - Frederick Gaudreau wins face-off versus Christian Dvorak in NORTH DAKOTA HAWKS zone. 1:07 of 1st period - Shot by Conor Garland. 1:07 of 1st period - Deflect By Christian Dvorak. 1:07 of 1st period - Shot Blocked by Cale Makar. 1:39 of 1st period - Cale Makar is hit by Rafael Harvey-Pinard and loses puck. 1:48 of 1st period - Shot by Rafael Harvey-Pinard. 1:48 of 1st period - Stopped by Linus Ullmark without a rebound. 1:49 of 1st period - Cole Sillinger wins face-off versus Jack Hughes in NORTH DAKOTA HAWKS zone. 1:50 of 1st period - Shot by Brendan Gallagher. 1:50 of 1st period - Shot Misses the Net. 1:52 of 1st period - Shot by Cole Sillinger. 1:52 of 1st period - Shot Blocked by Ryan Lindgren. 1:54 of 1st period - Shot by Braden Schneider. 1:54 of 1st period - Stopped by Linus Ullmark without a rebound. 1:55 of 1st period - Cody Glass wins face-off versus Jack Hughes in NORTH DAKOTA HAWKS zone. 2:08 of 1st period - Shot by Nicolas Roy. 2:08 of 1st period - Shot Misses the Net. 2:12 of 1st period - Shot by Nicolas Roy. 2:12 of 1st period - Goal by Nicolas Roy - NORTH DAKOTA HAWKS : 0 - VANCOUVER VOODOO : 1. 2:13 of 1st period - Joshua Norris wins face-off versus Nico Sturm in neutral zone. 2:28 of 1st period - Shot by Nico Sturm. 2:28 of 1st period - Stopped by Filip Gustavsson with a rebound. 2:33 of 1st period - Minor Penalty to Garnet Hathaway for Slashing. 2:34 of 1st period - Nico Sturm wins face-off versus Joshua Norris in NORTH DAKOTA HAWKS zone. 2:34 of 1st period - Nico Sturm is hit by Joshua Norris. 3:28 of 1st period - Shot by Rafael Harvey-Pinard. 3:28 of 1st period - Stopped by Linus Ullmark with a rebound. 4:44 of 1st period - Shot by Nick Suzuki. 4:44 of 1st period - Stopped by Filip Gustavsson without a rebound. 4:45 of 1st period - Cole Sillinger wins face-off versus Jack Hughes in VANCOUVER VOODOO zone. 4:58 of 1st period - Shot by Ryan Hartman. 4:58 of 1st period - Shot Blocked by Callan Foote. 5:07 of 1st period - Icing by Callan Foote. 5:08 of 1st period - Nick Suzuki wins face-off versus Cole Sillinger in VANCOUVER VOODOO zone. 5:22 of 1st period - Shot by Nick Suzuki. 5:22 of 1st period - Stopped by Filip Gustavsson with a rebound. 5:24 of 1st period - Shot by Cale Makar. 5:24 of 1st period - Stopped by Filip Gustavsson with a rebound. 5:26 of 1st period - Shot by Reyley Smith. 5:26 of 1st period - Shot Blocked by Callan Foote. 5:28 of 1st period - Shot by Jake DeBrusk. 5:28 of 1st period - Stopped by Filip Gustavsson without a rebound. 5:29 of 1st period - Cody Glass wins face-off versus Jack Hughes in VANCOUVER VOODOO zone. 5:40 of 1st period - Shot by Jonathan Drouin. 5:40 of 1st period - Stopped by Linus Ullmark with a rebound. 6:02 of 1st period - Shot by Jason Robertson. 6:02 of 1st period - Shot Blocked by Nicolas Hague. 6:04 of 1st period - Shot by Mathew Dumba. 6:04 of 1st period - Stopped by Filip Gustavsson without a rebound. 6:05 of 1st period - Joshua Norris wins face-off versus Nick Suzuki in VANCOUVER VOODOO zone. 6:10 of 1st period - Ryan Lindgren is hit by Josh Anderson and loses puck. 6:37 of 1st period - Shot by Joshua Norris. 6:37 of 1st period - Shot Misses the Net. 7:09 of 1st period - Shot by Conor Garland. 7:09 of 1st period - Deflect By Christian Dvorak. 7:09 of 1st period - Shot Misses the Net. 7:12 of 1st period - Icing by Ryan Lindgren. 7:13 of 1st period - Nick Suzuki wins face-off versus Cody Glass in NORTH DAKOTA HAWKS zone. 8:54 of 1st period - Shot by Christian Dvorak. 8:54 of 1st period - Shot Misses the Net. 8:56 of 1st period - Shot by Jordan Harris. 8:56 of 1st period - Stopped by Linus Ullmark without a rebound. 8:57 of 1st period - Nico Sturm wins face-off versus Joshua Norris in NORTH DAKOTA HAWKS zone. 9:23 of 1st period - Icing by Mathew Dumba. 9:24 of 1st period - Nico Sturm wins face-off versus Cole Sillinger in NORTH DAKOTA HAWKS zone. 9:24 of 1st period - Nico Sturm is hit by Brendan Gallagher. 9:30 of 1st period - Nicolas Hague is hit by Garnet Hathaway. 9:56 of 1st period - Frederick Gaudreau is hit by Cole Sillinger and loses puck. 11:04 of 1st period - Shot by Ryan Hartman. 11:04 of 1st period - Shot Misses the Net. 11:08 of 1st period - Shot by Ryan Hartman. 11:08 of 1st period - Deflect By Jack Hughes. 11:08 of 1st period - Goal by Jack Hughes - NORTH DAKOTA HAWKS : 1 - VANCOUVER VOODOO : 1. 11:09 of 1st period - Nick Suzuki wins face-off versus Cody Glass in neutral zone. 11:50 of 1st period - Shot by Nick Suzuki. 11:50 of 1st period - Shot Misses the Net. 11:52 of 1st period - Shot by Reyley Smith. 11:52 of 1st period - Stopped by Filip Gustavsson without a rebound. 11:53 of 1st period - Radek Faksa wins face-off versus Jack Hughes in VANCOUVER VOODOO zone. 11:53 of 1st period - Radek Faksa is hit by Ryan Hartman. 12:05 of 1st period - Off-side. 12:06 of 1st period - Joshua Norris wins face-off versus Frederick Gaudreau in neutral zone. 12:12 of 1st period - Icing by Nicolas Hague. 12:13 of 1st period - Rafael Harvey-Pinard wins face-off versus Jason Robertson in VANCOUVER VOODOO zone. 12:13 of 1st period - Rafael Harvey-Pinard is hit by Ryan Hartman. 12:34 of 1st period - Icing by Jordan Harris. 12:35 of 1st period - Joshua Norris wins face-off versus Nico Sturm in VANCOUVER VOODOO zone. 13:03 of 1st period - Icing by Erik Johnson. 13:04 of 1st period - Radek Faksa wins face-off versus Nico Sturm in NORTH DAKOTA HAWKS zone. 13:07 of 1st period - Shot by Conor Garland. 13:07 of 1st period - Stopped by Linus Ullmark without a rebound. 13:08 of 1st period - Radek Faksa wins face-off versus Frederick Gaudreau in NORTH DAKOTA HAWKS zone. 14:09 of 1st period - Shot by Nicolas Roy. 14:09 of 1st period - Deflect By Cody Glass. 14:09 of 1st period - Stopped by Linus Ullmark without a rebound. 14:10 of 1st period - Jack Hughes wins face-off versus Joshua Norris in NORTH DAKOTA HAWKS zone. 14:10 of 1st period - Jack Hughes is hit by Rafael Harvey-Pinard. 14:26 of 1st period - Shot by Ryan Hartman. 14:26 of 1st period - Shot Misses the Net. 14:28 of 1st period - Shot by Ryan Hartman. 14:28 of 1st period - Stopped by Filip Gustavsson without a rebound. 14:29 of 1st period - Nick Suzuki wins face-off versus Cody Glass in VANCOUVER VOODOO zone. 16:29 of 1st period - Jonas Siegenthaler is hit by Rafael Harvey-Pinard and loses puck. 16:59 of 1st period - Shot by Rafael Harvey-Pinard. 16:59 of 1st period - Deflect By Joshua Norris. 16:59 of 1st period - Stopped by Linus Ullmark without a rebound. 17:00 of 1st period - Nick Suzuki wins face-off versus Cole Sillinger in NORTH DAKOTA HAWKS zone. 17:10 of 1st period - Icing by Reyley Smith. 17:11 of 1st period - Cody Glass wins face-off versus Nick Suzuki in NORTH DAKOTA HAWKS zone. 17:32 of 1st period - Shot by Jake DeBrusk. 17:32 of 1st period - Shot Misses the Net. 17:46 of 1st period - Shot by Jake DeBrusk. 17:46 of 1st period - Shot Misses the Net. 18:28 of 1st period - Shot by Conor Garland. 18:28 of 1st period - Stopped by Linus Ullmark with a rebound. 19:05 of 1st period - Icing by Logan Stanley. 19:06 of 1st period - Nico Sturm wins face-off versus Joshua Norris in VANCOUVER VOODOO zone. Goals for this period are 1 for NORTH DAKOTA HAWKS vs 1 for VANCOUVER VOODOO. Shots for this period are 10 for NORTH DAKOTA HAWKS vs 11 for VANCOUVER VOODOO. 2nd period 0:01 of 2nd period - Cody Glass wins face-off versus Frederick Gaudreau in neutral zone. 0:12 of 2nd period - Shot by Jonathan Drouin. 0:12 of 2nd period - Deflect By Cody Glass. 0:12 of 2nd period - Stopped by Linus Ullmark without a rebound. 0:13 of 2nd period - Nick Suzuki wins face-off versus Conor Garland in NORTH DAKOTA HAWKS zone. 0:13 of 2nd period - Nick Suzuki is hit by Conor Garland. 0:18 of 2nd period - Cale Makar is hit by Nicolas Hague and loses puck. 1:09 of 2nd period - Shot by Cody Glass. 1:09 of 2nd period - Stopped by Linus Ullmark without a rebound. 1:10 of 2nd period - Ryan Hartman wins face-off versus Cody Glass in NORTH DAKOTA HAWKS zone. 1:29 of 2nd period - Shot by Jonathan Drouin. 1:29 of 2nd period - Stopped by Linus Ullmark without a rebound. 1:30 of 2nd period - Dillon Dube wins face-off versus Joshua Norris in NORTH DAKOTA HAWKS zone. 1:50 of 2nd period - Rafael Harvey-Pinard is hit by Nick Blankenburg and loses puck. 1:58 of 2nd period - Icing by Mathew Dumba. 1:59 of 2nd period - Cody Glass wins face-off versus Frederick Gaudreau in NORTH DAKOTA HAWKS zone. 2:00 of 2nd period - Shot by Nicolas Roy. 2:00 of 2nd period - Stopped by Linus Ullmark without a rebound. 2:01 of 2nd period - Cody Glass wins face-off versus Nico Sturm in NORTH DAKOTA HAWKS zone. 2:13 of 2nd period - Icing by Erik Johnson. 2:14 of 2nd period - Nico Sturm wins face-off versus Joshua Norris in NORTH DAKOTA HAWKS zone. 2:23 of 2nd period - Shot by Beck Malenstyn. 2:23 of 2nd period - Shot Blocked by Jordan Harris. 2:34 of 2nd period - Beck Malenstyn is hit by Jordan Harris and loses puck. 3:14 of 2nd period - Off-side. 3:15 of 2nd period - Cody Glass wins face-off versus Jack Hughes in neutral zone. 3:22 of 2nd period - Shot by Cody Glass. 3:22 of 2nd period - Deflect By Nicolas Roy. 3:22 of 2nd period - Shot Misses the Net. 3:38 of 2nd period - Shot by Jason Robertson. 3:38 of 2nd period - Shot Misses the Net. 3:47 of 2nd period - Icing by Braden Schneider. 3:48 of 2nd period - Nick Suzuki wins face-off versus Cody Glass in VANCOUVER VOODOO zone. 3:51 of 2nd period - Shot by Jake DeBrusk. 3:51 of 2nd period - Stopped by Filip Gustavsson without a rebound. 3:52 of 2nd period - Radek Faksa wins face-off versus Frederick Gaudreau in VANCOUVER VOODOO zone. 4:06 of 2nd period - Shot by Conor Garland. 4:06 of 2nd period - Stopped by Linus Ullmark without a rebound. 4:07 of 2nd period - Cole Sillinger wins face-off versus Jack Hughes in NORTH DAKOTA HAWKS zone. 4:16 of 2nd period - Shot by Jack Hughes. 4:16 of 2nd period - Shot Misses the Net. 4:42 of 2nd period - Shot by Ryan Hartman. 4:42 of 2nd period - Stopped by Filip Gustavsson with a rebound. 4:44 of 2nd period - Shot by Cale Makar. 4:44 of 2nd period - Shot Misses the Net. 4:46 of 2nd period - Shot by Cale Makar. 4:46 of 2nd period - Stopped by Filip Gustavsson without a rebound. 4:47 of 2nd period - Cody Glass wins face-off versus Nick Suzuki in VANCOUVER VOODOO zone. 4:54 of 2nd period - Shot by Jonathan Drouin. 4:54 of 2nd period - Shot Blocked by Ryan Lindgren. 5:13 of 2nd period - Nick Suzuki is hit by Braden Schneider and loses puck. 5:21 of 2nd period - Nick Suzuki is hit by Braden Schneider and loses puck. 5:41 of 2nd period - Off-side. 5:42 of 2nd period - Christian Dvorak wins face-off versus Frederick Gaudreau in neutral zone. 6:12 of 2nd period - Shot by Conor Garland. 6:12 of 2nd period - Stopped by Linus Ullmark without a rebound. 6:13 of 2nd period - Joshua Norris wins face-off versus Jack Hughes in NORTH DAKOTA HAWKS zone. 6:13 of 2nd period - Rafael Harvey-Pinard is hit by Mathew Dumba and loses puck. 6:28 of 2nd period - Shot by Ryan Hartman. 6:28 of 2nd period - Stopped by Filip Gustavsson with a rebound. 6:42 of 2nd period - Shot by Ryan Hartman. 6:42 of 2nd period - Stopped by Filip Gustavsson with a rebound. 6:48 of 2nd period - Shot by Jason Robertson. 6:48 of 2nd period - Deflect By Jack Hughes. 6:48 of 2nd period - Shot Misses the Net. 6:50 of 2nd period - Shot by Jason Robertson. 6:50 of 2nd period - Shot Misses the Net. 6:52 of 2nd period - Shot by Ryan Hartman. 6:52 of 2nd period - Shot Blocked by Nicolas Hague. 6:54 of 2nd period - Shot by Nick Blankenburg. 6:54 of 2nd period - Stopped by Filip Gustavsson without a rebound. 6:55 of 2nd period - Nick Suzuki wins face-off versus Cody Glass in VANCOUVER VOODOO zone. 7:06 of 2nd period - Shot by Nicolas Roy. 7:06 of 2nd period - Stopped by Linus Ullmark without a rebound. 7:07 of 2nd period - Christian Dvorak wins face-off versus Dillon Dube in NORTH DAKOTA HAWKS zone. 7:12 of 2nd period - Icing by Ryan Lindgren. 7:13 of 2nd period - Frederick Gaudreau wins face-off versus Cody Glass in NORTH DAKOTA HAWKS zone. 7:18 of 2nd period - Shot by Justin Danforth. 7:18 of 2nd period - Stopped by Filip Gustavsson with a rebound. 7:38 of 2nd period - Shot by Nicolas Roy. 7:38 of 2nd period - Shot Misses the Net. 7:40 of 2nd period - Shot by Nicolas Roy. 7:40 of 2nd period - Deflect By Cody Glass. 7:40 of 2nd period - Stopped by Linus Ullmark without a rebound. 7:41 of 2nd period - Nick Suzuki wins face-off versus Radek Faksa in NORTH DAKOTA HAWKS zone. 7:41 of 2nd period - Nick Suzuki is hit by Radek Faksa. 8:00 of 2nd period - Shot by Christian Dvorak. 8:00 of 2nd period - Shot Misses the Net. 8:07 of 2nd period - Icing by Cale Makar. 8:08 of 2nd period - Nick Suzuki wins face-off versus Joshua Norris in NORTH DAKOTA HAWKS zone. 8:08 of 2nd period - Nick Suzuki is hit by Josh Anderson. 8:59 of 2nd period - Icing by Cale Makar. 9:00 of 2nd period - Cody Glass wins face-off versus Nick Suzuki in NORTH DAKOTA HAWKS zone. 9:50 of 2nd period - Nick Suzuki is hit by Radek Faksa and loses puck. 10:41 of 2nd period - Minor Penalty to Josh Anderson for Hooking. 10:42 of 2nd period - Frederick Gaudreau wins face-off versus Christian Dvorak in VANCOUVER VOODOO zone. 12:32 of 2nd period - Shot by Jason Robertson. 12:32 of 2nd period - Shot Misses the Net. 13:07 of 2nd period - Joshua Norris is hit by Erik Johnson and loses puck. 13:36 of 2nd period - Shot by Jonathan Drouin. 13:36 of 2nd period - Shot Hit the Post. 13:38 of 2nd period - Shot by Braden Schneider. 13:38 of 2nd period - Stopped by Linus Ullmark without a rebound. 13:39 of 2nd period - Radek Faksa wins face-off versus Jack Hughes in NORTH DAKOTA HAWKS zone. 13:54 of 2nd period - Shot by Radek Faksa. 13:54 of 2nd period - Shot Blocked by Cale Makar. 13:56 of 2nd period - Shot by Radek Faksa. 13:56 of 2nd period - Shot Misses the Net. 13:58 of 2nd period - Shot by Christian Dvorak. 13:58 of 2nd period - Shot Misses the Net. 14:12 of 2nd period - Shot by Christian Dvorak. 14:12 of 2nd period - Deflect By Conor Garland. 14:12 of 2nd period - Stopped by Linus Ullmark without a rebound. 14:13 of 2nd period - Nico Sturm wins face-off versus Alex Newhook in NORTH DAKOTA HAWKS zone. 14:27 of 2nd period - Shot by Garnet Hathaway. 14:27 of 2nd period - Shot Blocked by Braden Schneider. 14:29 of 2nd period - Shot by Beck Malenstyn. 14:29 of 2nd period - Shot Misses the Net. 15:06 of 2nd period - Shot by Nick Suzuki. 15:06 of 2nd period - Stopped by Filip Gustavsson without a rebound. 15:07 of 2nd period - Jack Hughes wins face-off versus Joshua Norris in VANCOUVER VOODOO zone. 16:36 of 2nd period - Shot by Nicolas Roy. 16:36 of 2nd period - Deflect By Cody Glass. 16:36 of 2nd period - Stopped by Linus Ullmark without a rebound. 16:37 of 2nd period - Justin Danforth wins face-off versus Conor Garland in NORTH DAKOTA HAWKS zone. 17:44 of 2nd period - Shot by Beck Malenstyn. 17:44 of 2nd period - Shot Misses the Net. 18:23 of 2nd period - Shot by Jack Hughes. 18:23 of 2nd period - Deflect By Ryan Hartman. 1